 Dungeon Crawl Stone Soup version 0.16-a0-129-gbf5829b (webtiles) character file.

35 Ololoev the Cudgeler (level 3, -2/32 HPs)
             Began as an Ogre Gladiator on Aug 13, 2014.
             Killed from afar by an orc wizard (6 damage)
             ... with a magic dart
             ... on Level 1 of the Dungeon.
             The game lasted 00:02:21 (1305 turns).

Ololoev the Cudgeler (Ogre Gladiator)               Turns: 1305, Time: 00:02:21

HP  -2/32        AC  3     Str 21      XL: 3   Next: 33%
MP   3/3         EV 10     Int  8 (12) God:
Gold 78          SH  0     Dex 10      Spells:  0 memorised,  2 levels left

rFire  . . .     SeeInvis .     a - +0 flail
rCold  + . .     Clarity  .     b - +0 animal skin
rNeg   . . .     rCorr    .     (shield restricted)
rPois  .         rRot     .     c - +0 hat
rElec  .         Spirit   .     (no cloak)
SustAb .         Warding  .     (gloves unavailable)
rMut   .         Stasis   .     (boots unavailable)
Gourm  .                        (no amulet)
MR     .....                    (no ring)
                                (no ring)

@: brilliant, not resistant to hostile enchantments, very unstealthy
A: unfitting armour, cold resistance 1, deterioration 1, frail 1, tough skin 1
a: no special abilities


You were on level 1 of the Dungeon.
You were very hungry.

You visited 1 branch of the dungeon, and saw 1 of its levels.

You collected 78 gold pieces.

Inventory:

Hand weapons
 a - a +0 flail (weapon)
Missiles
 d - 3 throwing nets (quivered)
Armour
 b - a +0 animal skin (worn)
 c - a +0 hat (worn)
Comestibles
 f - 2 meat rations
 k - a bread ration
Scrolls
 g - a scroll of fog {unknown}
 h - 3 scrolls of fear {unknown}
 j - a scroll of identify {unknown}
 l - a scroll of remove curse {unknown}
Potions
 m - a potion of brilliance
 n - a potion of agility {unknown}
 o - a potion of curing {unknown}
 p - a potion of cancellation {unknown}


   Skills:
 - Level 2.6 Fighting
 * Level 5.7 Maces & Flails
 - Level 2.1 Throwing
 - Level 2.6 Dodging


You had 2 spell levels left.
You didn't know any spells.

Dungeon Overview and Level Annotations

Branches:
Dungeon (1/15)

Altars:
Ashenzari


Innate Abilities, Weirdness & Mutations

You are too large for most types of armour.
You have tough skin (AC +1).
Your flesh is cold resistant.
Your body is slowly deteriorating.
You are frail (-10% HP).


Message History

The magic dart hits you!
Drink which item? (? for menu, Esc to quit)
Okay, then.
The orc wizard hits you with a dagger. The orc wizard casts a spell at you.
The puff of flame hits you!
* * * LOW HITPOINT WARNING * * *
The orc wizard hits you with a dagger.
* * * LOW HITPOINT WARNING * * *
The orc wizard hits you but does no damage.
The orc wizard hits you but does no damage.
You feel less confused.
The orc wizard hits you but does no damage.
The orc wizard hits you but does no damage.
The orc wizard points at you and mumbles some strange words.
You resist. The orc wizard closely misses you.
The orc wizard points at you and mumbles some strange words.
The magic dart hits you!
You die...

####### #........#....####..#
#.....# ##.###....####.## ##.#
#.....#####..#⌠.##'##.⌠...####..
#............#..........).......
#.....###.#####........#.#..####
#......##.#...#.......#...#.##..
#...8...#.#...'..._...'...'....#
#..≈≈≈....#...#o......#...#..###
#..≈≈≈....#####@......#####.####
#..≈≈≈............))...#.......(
#..≈≈≈...##...⌠...'##.⌠#.....###
#........##..##.#...####..#### #
###......###.....#.(.#......# #
..........##.....#...#...##.# #
..................#......##.## ##
..).......###.##.(......###..###.
..........# #)###.......# ####...


You could see an orc wizard.

Vanquished Creatures
  A giant mite (D:1)
  An ooze (D:1)
  2 orcs (D:1)
  4 bats (D:1)
  4 hobgoblins (D:1)
  5 kobolds (D:1)
  A ball python (D:1)
  A giant cockroach (D:1)
  4 goblins (D:1)
  A rat (D:1)
24 creatures vanquished.

Notes
Turn   | Place    | Note
--------------------------------------------------------------
     0 | D:1      | Ololoev, the Ogre Gladiator, began the quest for the Orb.
     0 | D:1      | Reached XP level 1. HP: 22/22 MP: 1/1
   137 | D:1      | Found a shattered altar of Ashenzari.
   149 | D:1      | Reached XP level 2. HP: 10/29 MP: 2/2
   396 | D:1      | Reached skill level 5 in Maces & Flails
   918 | D:1      | Reached XP level 3. HP: 33/36 MP: 3/3
  1295 | D:1      | Gained mutation: Your body is slowly deteriorating. [potion of mutation]
  1295 | D:1      | Gained mutation: You are frail (-10% HP). [potion of mutation]
  1295 | D:1      | Gained mutation: Your flesh is cold resistant. [potion of mutation]
  1305 | D:1      | Killed from afar by an orc wizard

Action                   || total
-------------------------++-------
Melee: Flail             ||    87
  Use: Potion            ||     3
